IL
BUFFALO BISONS @ ROUND ROCK EXPRESS
10/15/2047
 
TOP OF THE 1ST
Florida State University Seminoles batting - Pitching for University of Conneticut Huskies : LHP Jon Ray
Pitching: LHP Jon Ray
Batting: RHB Matt Kirschner 0-0: Ball
1-0: Fly out, F9 (Line Drive, 89M, EV 94.4 MPH)
Batting: RHB Mitchell McCandless 0-0: Ball
1-0: Called Strike
1-1: Foul Ball, location: 2F
1-2: Ground out 5-3 (Groundball, 56, EV 95.6 MPH)
Batting: LHB Fred Winward 0-0: Ball
1-0: Swinging Strike
1-1: Ball
2-1: Foul Ball, location: 2F
2-2: Ball
3-2: Fly out, F7 (Flyball, 7D, EV 103.8 MPH)
Top of the 1st over - 0 runs, 0 hits, 0 errors, 0 left on base; Florida State University 0 - University of Conneticut 0
BOTTOM OF THE 1ST
University of Conneticut Huskies batting - Pitching for Florida State University Seminoles : RHP Adam Bodily
Pitching: RHP Adam Bodily
Batting: LHB Antonio Sandoval 0-0: Ball
1-0: Ball
2-0: Ground out 6-3 (Groundball, 6, EV 83.8 MPH)
Batting: RHB Oscar Ramirez 0-0: Ball
1-0: Called Strike
1-1: Ball
2-1: Swinging Strike
2-2: Ball
3-2: Strikes out swinging
Batting: LHB Alex Rivera 0-0: Ball
1-0: Ball
2-0: Ball
3-0: Called Strike
3-1: Foul Ball, location: 2F
3-2: Foul Ball, location: 2F
3-2: Strikes out swinging
Bottom of the 1st over - 0 runs, 0 hits, 0 errors, 0 left on base; Florida State University 0 - University of Conneticut 0
TOP OF THE 2ND
Florida State University Seminoles batting - Pitching for University of Conneticut Huskies : LHP Jon Ray
Batting: LHB Ed Salas 0-0: Ball
1-0: Called Strike
1-1: Swinging Strike
1-2: Ball
2-2: Foul Ball, location: 2F
2-2: Foul Ball, location: 2F
2-2: Ball
3-2: Ground out 5-3 (Groundball, 56S, EV 70.0 MPH)
Batting: RHB Matt Rangel 0-0: Ball
1-0: Called Strike
1-1: Ball
2-1: Ball
3-1: Ground out 5-3 (Groundball, 56S, EV 85.6 MPH)
Batting: LHB Esteban Chavez 0-0: Foul Ball, location: 2F
0-1: Ground out U3 (Groundball, 3L, EV 105.6 MPH)
Top of the 2nd over - 0 runs, 0 hits, 0 errors, 0 left on base; Florida State University 0 - University of Conneticut 0
BOTTOM OF THE 2ND
University of Conneticut Huskies batting - Pitching for Florida State University Seminoles : RHP Adam Bodily
Batting: SHB Dan Strickland 0-0: Ball
1-0: Fly out, F8 (Line Drive, 8RM, EV 102.5 MPH)
Batting: RHB Fernando Acosta 0-0: Foul Ball, location: 2F
0-1: Ground out 4-3 (Groundball, 4, EV 100.0 MPH)
Batting: RHB Victor Nava 0-0: Ball
1-0: Foul Ball, location: 2F
1-1: Swinging Strike
1-2: Foul Ball, location: 2F
1-2: Ball
2-2: Strikes out looking
Bottom of the 2nd over - 0 runs, 0 hits, 0 errors, 0 left on base; Florida State University 0 - University of Conneticut 0
TOP OF THE 3RD
Florida State University Seminoles batting - Pitching for University of Conneticut Huskies : LHP Jon Ray
Batting: RHB Bayesa Ssenyonjo 0-0: Ball
1-0: Called Strike
1-1: Ball
2-1: Ground out 6-3 (Groundball, 6, EV 106.2 MPH)
Batting: LHB Appolonius Miller 0-0: Ball
1-0: Ball
2-0: Ground out 4-3 (Groundball, 34D, EV 83.1 MPH)
Batting: RHB Baltazar Zuzarte 0-0: Ball
1-0: Foul Ball, location: 2F
1-1: Ball
2-1: SINGLE (Groundball, 15S, EV 70.0 MPH) (infield hit)
Batting: RHB Matt Kirschner 0-0: Swinging Strike
0-1: Swinging Strike
0-2: Strikes out swinging
Top of the 3rd over - 0 runs, 1 hit, 0 errors, 1 left on base; Florida State University 0 - University of Conneticut 0
BOTTOM OF THE 3RD
University of Conneticut Huskies batting - Pitching for Florida State University Seminoles : RHP Adam Bodily
Batting: RHB Ashton Armstrong 0-0: Ball
1-0: Called Strike
1-1: Ground out 5-3 (Groundball, 5S, EV 90.0 MPH)
Batting: SHB Ernesto Mazas 0-0: Called Strike
0-1: Foul Ball, location: 2F
0-2: Strikes out swinging
Batting: LHB Omar Alba 0-0: Ball
1-0: Ball
2-0: Ball
3-0: Base on Balls
Batting: LHB Antonio Sandoval 0-0: Called Strike
0-1: Foul Ball, location: 2F
0-2: Strikes out looking
Bottom of the 3rd over - 0 runs, 0 hits, 0 errors, 1 left on base; Florida State University 0 - University of Conneticut 0
TOP OF THE 4TH
Florida State University Seminoles batting - Pitching for University of Conneticut Huskies : LHP Jon Ray
Batting: RHB Mitchell McCandless 0-0: Called Strike
0-1: Ball
1-1: Ball
2-1: Foul Ball, location: 2F
2-2: Foul Ball, location: 2F
2-2: Ground out 1-3 (Groundball, 15S, EV 69.4 MPH)
Batting: LHB Fred Winward 0-0: Ball
1-0: Ground out 5-3 (Groundball, 5L, EV 103.8 MPH)
Batting: LHB Ed Salas 0-0: Ball
1-0: Ball
2-0: Called Strike
2-1: Foul Ball, location: 2F
2-2: Ball
3-2: Ground out U3 (Groundball, 3, EV 80.0 MPH)
Top of the 4th over - 0 runs, 0 hits, 0 errors, 0 left on base; Florida State University 0 - University of Conneticut 0
BOTTOM OF THE 4TH
University of Conneticut Huskies batting - Pitching for Florida State University Seminoles : RHP Adam Bodily
Batting: RHB Oscar Ramirez 0-0: Foul Ball, location: 2F
0-1: Ground out 6-3 (Groundball, 6S, EV 83.1 MPH)
Batting: LHB Alex Rivera 0-0: Called Strike
0-1: Ball
1-1: Called Strike
1-2: Ground out 4-3 (Groundball, 4, EV 86.2 MPH)
Batting: SHB Dan Strickland 0-0: Swinging Strike
0-1: Ball
1-1: Ball
2-1: Ball
3-1: Base on Balls
Batting: RHB Fernando Acosta 0-0: Called Strike
0-1: Ball
1-1: Foul Ball, location: 2F
1-2: Ball
2-2: Strikes out swinging
Bottom of the 4th over - 0 runs, 0 hits, 0 errors, 1 left on base; Florida State University 0 - University of Conneticut 0
TOP OF THE 5TH
Florida State University Seminoles batting - Pitching for University of Conneticut Huskies : LHP Jon Ray
Now at 2B: Jack Vokey
Batting: RHB Matt Rangel 0-0: Fly out, F7 (Line Drive, 78D, EV 94.4 MPH)
Batting: LHB Esteban Chavez 0-0: Ground out 4-3 (Groundball, 34, EV 88.1 MPH)
Batting: RHB Bayesa Ssenyonjo 0-0: Foul Ball, location: 2F
0-1: Ball
1-1: Swinging Strike
1-2: Strikes out swinging
Top of the 5th over - 0 runs, 0 hits, 0 errors, 0 left on base; Florida State University 0 - University of Conneticut 0
BOTTOM OF THE 5TH
University of Conneticut Huskies batting - Pitching for Florida State University Seminoles : RHP Adam Bodily
Batting: RHB Victor Nava 0-0: Ball
1-0: Ball
2-0: Ball
3-0: Base on Balls
Batting: RHB Ashton Armstrong 0-0: Ball
1-0: Ball
Victor Nava is caught stealing 2nd base 2-4
2-0: Reached on error, E8 (Flyball, 8LM, EV 89.4 MPH)
Batting: SHB Ernesto Mazas 0-0: Called Strike
0-1: Ball
Ashton Armstrong steals 2nd, throwing error, E2
Ashton Armstrong to third
1-1: Ground out 6-3 (Groundball, 6, EV 103.8 MPH)
Ashton Armstrong scores
Batting: LHB Omar Alba 0-0: Called Strike
0-1: Ball
1-1: Ball
2-1: Swinging Strike
2-2: Strikes out swinging
Bottom of the 5th over - 1 run, 0 hits, 2 errors, 0 left on base; Florida State University 0 - University of Conneticut 1
TOP OF THE 6TH
Florida State University Seminoles batting - Pitching for University of Conneticut Huskies : LHP Jon Ray
Now at 1B: Lee Wilbur
Now at 3B: Walt Rigdon
Batting: LHB Appolonius Miller 0-0: Called Strike
0-1: Foul Ball, location: 2F
0-2: Ball
1-2: Ground out 6-3 (Groundball, 6M, EV 110.0 MPH)
Batting: RHB Baltazar Zuzarte 0-0: Ball
1-0: Called Strike
1-1: Swinging Strike
1-2: Ball
2-2: Ground out 5-3 (Groundball, 56S, EV 87.5 MPH)
Pinch Hitting: RHB Jun Tai 0-0: TRIPLE (Flyball, 89XD, EV 103.8 MPH)
Pitching: RHP Jordan Watkins
Batting: RHB Mitchell McCandless 0-0: Ball
1-0: Ball
2-0: Foul Ball, location: 2F
2-1: Ball
3-1: Swinging Strike
3-2: Foul Ball, location: 2F
3-2: Reached on error, E5 (Groundball, 56S, EV 69.4 MPH)
Jun Tai scores
Batting: LHB Fred Winward 0-0: Called Strike
0-1: Ball
1-1: SINGLE (Groundball, 3D, EV 97.5 MPH)
Mitchell McCandless to third
Runner from 3rd tries for Home, SAFE, throw by RF to home
Batting: RHB Jai Barrowcliff 0-0: Called Strike
0-1: Called Strike
0-2: Ball
1-2: Ball
2-2: Fielders Choice at 2nd, 6-4 (Groundball, 56, EV 88.1 MPH)
Top of the 6th over - 2 runs, 2 hits, 1 error, 1 left on base; Florida State University 2 - University of Conneticut 1
BOTTOM OF THE 6TH
University of Conneticut Huskies batting - Pitching for Florida State University Seminoles : RHP Adam Bodily
Pitching: RHP Tom Collett
Now at 1B: Ron McComiskey
Now at SS: Jeff Mozal
Now in RF: Aleksandar Moljevic
Batting: RHB Cullen Elliott 0-0: Swinging Strike
0-1: Ground out 5-3 (Groundball, 5S, EV 87.5 MPH)
Batting: RHB Jack Vokey 0-0: Fly out, F6 (Line Drive, 6, EV 60.6 MPH)
Batting: LHB Alex Rivera 0-0: Ball
1-0: Ball
2-0: Ball
3-0: Called Strike
3-1: Foul Ball, location: 2F
3-2: Base on Balls
Batting: RHB Lee Wilbur 0-0: Foul Ball, location: 2F
0-1: Ball
1-1: Called Strike
1-2: Strikes out swinging
Bottom of the 6th over - 0 runs, 0 hits, 0 errors, 1 left on base; Florida State University 2 - University of Conneticut 1
TOP OF THE 7TH
Florida State University Seminoles batting - Pitching for University of Conneticut Huskies : RHP Jordan Watkins
Now at C: T.J. Hunt
Now at SS: Jordan Nicholas
Batting: RHB Matt Rangel 0-0: DOUBLE (Line Drive, 9LM, EV 95.6 MPH)
Batting: LHB Ron McComiskey 0-0: Bunted foul
0-1: Bunt missed!
0-2: Ball
1-2: SINGLE (Flyball, 89S, EV 97.5 MPH)
Matt Rangel to third
Pinch Hitting: RHB Joey Glass 0-0: Called Strike
0-1: Ball
Ron McComiskey steals 2nd base
1-1: Ball
2-1: Ball
3-1: Base on Balls
Batting: LHB Appolonius Miller 0-0: Called Strike
0-1: Foul Ball, location: 2F
0-2: Ball
1-2: Strikes out swinging
Batting: RHB Baltazar Zuzarte 0-0: DOUBLE (Line Drive, 78M, EV 100.0 MPH)
Matt Rangel scores
Ron McComiskey scores
Joey Glass to third
Runner from 3rd tries for Home, SAFE, throw by LF to home
Pitching: RHP Marc Marchand
Batting: LHB Aleksandar Moljevic 0-0: Ball
1-0: Fly out, F2 (Popup, 15S, EV 91.2 MPH)
Batting: SHB Jeff Mozal 0-0: Ball
1-0: Swinging Strike
1-1: Ball
2-1: Swinging Strike
2-2: Foul Ball, location: 2F
2-2: Foul Ball, location: 2F
2-2: Strikes out swinging
Top of the 7th over - 3 runs, 3 hits, 0 errors, 1 left on base; Florida State University 5 - University of Conneticut 1
BOTTOM OF THE 7TH
University of Conneticut Huskies batting - Pitching for Florida State University Seminoles : RHP Tom Collett
Pitching: RHP Rhett Palmisano
Now in CF: Joey Glass
Batting: RHB Jordan Nicholas 0-0: Fly out, F8 (Flyball, 78S, EV 83.1 MPH)
Pinch Hitting: LHB Greg James 0-0: Foul Ball, location: 2F
0-1: Called Strike
0-2: Ball
1-2: Foul Ball, location: 2F
1-2: Ground out 4-3 (Groundball, 4, EV 89.4 MPH)
Batting: RHB Walt Rigdon 0-0: Ground out 5-3 (Groundball, 5L, EV 88.1 MPH)
Bottom of the 7th over - 0 runs, 0 hits, 0 errors, 0 left on base; Florida State University 5 - University of Conneticut 1
TOP OF THE 8TH
Florida State University Seminoles batting - Pitching for University of Conneticut Huskies : RHP Marc Marchand
Now in RF: Greg James
Batting: LHB Fred Winward 0-0: Fly out, F4 (Popup, 4S, EV 66.2 MPH)
Batting: RHB Jai Barrowcliff 0-0: Ball
1-0: Foul Ball, location: 2F
1-1: Ball
2-1: Ground out 5-3 (Groundball, 5S, EV 69.4 MPH)
Batting: RHB Matt Rangel 0-0: Foul Ball, location: 2F
0-1: Ball
1-1: Fly out, F5 (Line Drive, 56, EV 66.2 MPH)
Top of the 8th over - 0 runs, 0 hits, 0 errors, 0 left on base; Florida State University 5 - University of Conneticut 1
BOTTOM OF THE 8TH
University of Conneticut Huskies batting - Pitching for Florida State University Seminoles : RHP Rhett Palmisano
Pitching: LHP Falco Beumer
Batting: SHB Ernesto Mazas 0-0: Ball
1-0: Fly out, F6 (Popup, 6MS, EV 84.4 MPH)
Batting: LHB Omar Alba 0-0: Foul Ball, location: 2F
0-1: Fly out, F3 (Line Drive, 3L, EV 75.6 MPH)
Batting: RHB Cullen Elliott 0-0: Reached on error, E6 (Groundball, 6, EV 101.9 MPH)
Batting: RHB Jack Vokey 0-0: Foul Ball, location: 2F
0-1: Swinging Strike
0-2: Ball
1-2: Strikes out swinging
Bottom of the 8th over - 0 runs, 0 hits, 1 error, 1 left on base; Florida State University 5 - University of Conneticut 1
TOP OF THE 9TH
Florida State University Seminoles batting - Pitching for University of Conneticut Huskies : RHP Marc Marchand
Pitching: LHP Bob Strachan
Batting: LHB Ron McComiskey 0-0: Called Strike
0-1: Ball
1-1: Foul Ball, location: 2F
1-2: Ball
2-2: Ball
3-2: Base on Balls
Batting: RHB Joey Glass 0-0: Ball
1-0: Ball
2-0: Bunt missed!
2-1: Ball
3-1: Sac Bunt to 2R - play at first, batter OUT! 2-3
Ron McComiskey to second
Batting: LHB Appolonius Miller 0-0: Ground out 5-3 (Groundball, 56S, EV 93.1 MPH)
Batting: RHB Baltazar Zuzarte 0-0: Ball
1-0: Ball
2-0: Called Strike
2-1: Ball
3-1: Swinging Strike
3-2: Foul Ball, location: 2F
3-2: Strikes out swinging
Top of the 9th over - 0 runs, 0 hits, 0 errors, 1 left on base; Florida State University 5 - University of Conneticut 1
BOTTOM OF THE 9TH
University of Conneticut Huskies batting - Pitching for Florida State University Seminoles : LHP Falco Beumer
Pitching: RHP Ben Kuhbauer
Batting: RHB T.J. Hunt 0-0: Called Strike
0-1: Fly out, F8 (Flyball, 8LD, EV 101.9 MPH)
Pinch Hitting: RHB Kyle Finney 0-0: Ball
1-0: Ball
2-0: Called Strike
2-1: Foul Ball, location: 2F
2-2: Strikes out swinging
Pinch Hitting: RHB Gunadi Kawilarang 0-0: Foul Ball, location: 2F
0-1: Ball
1-1: Ball
2-1: Called Strike
2-2: Foul Ball, location: 2F
2-2: Foul Ball, location: 2F
2-2: Strikes out swinging
Bottom of the 9th over - 0 runs, 0 hits, 0 errors, 0 left on base; Florida State University 5 - University of Conneticut 1
Thursday, December 15th , 2022 - OOTP Baseball 23.9 Build 102